Blackhawks vs Islanders

Created - January 15, 2025 at 19:03

Goals
1 2 3 OT1 T
Blackhawks 0 1 0 0 1
Islanders 0 1 0 1 2
Shots
1 2 3 OT1 T
Blackhawks 5 12 6 0 23
Islanders 9 9 3 1 22

1st period

No Goal

Penalties :
Jakob Silfverberg (Chi) for Slashing (Minor) at 3:19, Antoine Roussel (Chi) for Tripping (Minor) at 11:08

2nd period

1. Blackhawks , Antoine Roussel 12 (Derek Stepan 34, Jakob Chychrun 11) at 2:55
2. Islanders , Michael Latta 5 (Brady Skjei 19, Jason Akeson 4) at 16:40

Penalties :
Brock McGinn (NyI) for Delaying the game (Minor) at 10:55, Dalton Prout (Chi) for High sticking (Double Minor) at 16:52

3rd period

No Goal

Penalties :
Antoine Roussel (Chi) for Roughing (Minor) at 5:39, Derek Stepan (Chi) for Roughing (Minor) at 13:16

Overtime #1

3. Islanders , Brock McGinn 13 (Kellan Lain 11) at 0:33

Penalties :
No Penalty

Goalie Stats

Cam Ward (Chi), 20 saves from 22 shots - (0.909), OTL, 12-5-2, 60:33 minutes
Tyler Weiman (NyI), 22 saves from 23 shots - (0.957), W, 14-9-1, 60:33 minutes

Players Stats for Blackhawks

Player Name              G  A  P  +/- PIM S  H  SB GA TA FO     MP     PP MP  PK MP  
------------------------------------------------------------------------------------
Adrian Kempe             0  0  0   0  0   2  0  0  0  1  0/0    14:38   0:50   2:21 
Andrew Ladd              0  0  0   0  0   2  1  0  0  0  0/0     7:56   0:00   0:18 
Antoine Roussel          1  0  1   0  4   1  3  0  0  1  0/2    22:04   1:09   4:20 
Dalton Prout             0  0  0   0  4   0  1  0  0  0  0/0    17:33   0:51   2:57 
Derek Stepan             0  1  1  -1  2   1  1  0  0  0  8/24   18:47   1:09   1:01 
Erik Haula               0  0  0   0  0   1  3  1  0  0  7/15   18:34   0:50   6:39 
Jakob Chychrun           0  1  1   0  0   3  2  0  0  0  0/0    22:29   0:51   2:15 
Jakob Silfverberg        0  0  0   0  2   3  0  0  0  0  1/2    12:18   0:50   0:00 
Joe Pavelski             0  0  0   0  0   0  1  0  0  0  0/0     7:38   0:00   0:00 
Mike Amadio              0  0  0   0  0   1  2  1  0  0  0/0    14:14   0:00   3:15 
Mikko Rantanen           0  0  0  -1  0   1  1  0  0  0  0/0    17:33   1:09   0:00 
Patrick Sieloff          0  0  0   0  0   0  2  0  0  0  0/0    11:11   0:00   0:54 
Robert Hagg              0  0  0   0  0   1  0  2  1  0  0/0    18:40   0:00   7:01 
Stefan Matteau           0  0  0   0  0   2  1  1  0  0  6/6     7:38   0:00   0:00 
Thomas Chabot            0  0  0   0  0   5  2  1  0  0  0/0    21:42   1:08   4:14 
Timo Meier               0  0  0   0  0   0  0  0  0  0  0/0    13:35   0:00   2:41 
Will Butcher             0  0  0  -1  0   0  0  1  1  2  0/0    29:04   1:08   6:29 
William Karlsson         0  0  0   0  0   0  2  2  1  0  1/6    14:05   0:00   3:15 

Players Stats for Islanders

Player Name              G  A  P  +/- PIM S  H  SB GA TA FO     MP     PP MP  PK MP  
------------------------------------------------------------------------------------
Brady Skjei              0  1  1   2  0   2  2  1  0  0  0/0    27:07   6:57   1:05 
Brandon Sutter           0  0  0   0  0   1  1  0  0  0  8/13   18:09   4:46   0:59 
Brayden Schenn           0  0  0  -1  0   2  2  0  0  0  14/23  23:08   6:12   1:05 
Brian Ferlin             0  0  0   0  0   1  2  1  0  0  0/0     9:46   0:57   0:00 
Brock McGinn             1  0  1   0  2   5  2  0  0  0  0/0    21:46   6:12   0:00 
Dylan McIlrath           0  0  0  -1  0   0  1  0  0  0  0/0    13:51   0:22   0:00 
Gabriel Carlsson         0  0  0  -1  0   0  0  1  0  0  0/0    13:40   0:22   0:00 
Garnet Hathaway          0  0  0   0  0   0  3  0  0  0  0/2    17:04   4:46   0:00 
Jamie Arniel             0  0  0   0  0   0  1  1  1  0  2/5     8:41   0:11   0:19 
Jason Akeson             0  1  1   1  0   0  0  1  0  0  0/0     9:31   0:00   0:00 
Jordan Greenway          0  0  0   0  0   0  3  1  1  0  1/1    10:35   0:57   0:49 
Kellan Lain              0  1  1   1  0   0  0  1  0  0  1/2    17:55   4:46   0:46 
Michael Latta            1  0  1   1  0   3  1  0  0  0  4/7    11:05   0:46   0:00 
Nikita Zadorov           0  0  0   0  0   1  1  3  0  0  0/0    19:35   4:36   0:54 
Ryan Ellis               0  0  0   1  0   0  3  0  1  2  0/0    26:34   6:57   1:05 
Sergei Plotnikov         0  0  0   1  0   2  0  2  0  0  1/1     9:31   0:00   0:00 
Vladimir Tarasenko       0  0  0  -1  0   4  0  0  1  0  1/1    21:55   6:12   0:00 
Yann Sauvé               0  0  0   0  0   1  0  0  0  1  0/0    19:46   4:36   0:54 

3 Stars

1 - Michael Latta (NyI)
2 - Tyler Weiman (NyI)
3 - Brady Skjei (NyI)

Power Play

Blackhawks - 0 on 1 Attempt(s) - 0.00%
Islanders - 0 on 6 Attempt(s) - 0.00%

Penalty Kill

Blackhawks - 6 on 6 Attempt(s) - 100.00% - Score 0 goal in Penalty Kill
Islanders - 1 on 1 Attempt(s) - 100.00% - Score 0 goal in Penalty Kill

Team Stat

Blackhawks - Hits : 22 - Faceoff Wins : 23 - Blocked Shots : 9 - Penalty Minutes : 12
Islanders - Hits : 22 - Faceoff Wins : 32 - Blocked Shots : 12 - Penalty Minutes : 2

Official

Referees : Jon McIsaac and Chris Rooney
Linesman : Brad Kovachik and Matt MacPherson

Game Notes

No Game Note

Finance

Level 1 -- Attendance: 5483 (91.38%) -- Ticket Income $548,300
Level 2 -- Attendance: 5000 (100.00%) -- Ticket Income $350,000
Level 3 -- Attendance: 1843 (92.15%) -- Ticket Income $73,720
Level 4 -- Attendance: 3731 (93.28%) -- Ticket Income $111,930
Luxury Box -- Attendance: 1000 (100.00%) -- Ticket Income $200,000
Game was played at the Nassau Coliseum.
Total Attendance: 17057 (94.76%)
Total Ticket Income: $1,283,950
Other Income: $192,592
Total Income: $1,476,542

Blackhawks

5 vs 5 Forward 
   Center                   Left Wing                Right Wing               Time % Phy DF OF 
 1 Derek Stepan             Antoine Roussel          Mikko Rantanen           40     1   2  2  
 2 Erik Haula               Adrian Kempe             Jakob Silfverberg        30     1   2  2  
 3 William Karlsson         Timo Meier               Mike Amadio              20     1   2  2  
 4 Stefan Matteau           Andrew Ladd              Joe Pavelski             10     1   2  2  

5 vs 5 Defense 
   Defense                  Defense                                           Time % Phy DF OF 
 1 Will Butcher             Jakob Chychrun                                    40     1   2  2  
 2 Dalton Prout             Thomas Chabot                                     30     1   2  2  
 3 Robert Hagg              Patrick Sieloff                                   20     1   2  2  
 4 Will Butcher             Thomas Chabot                                     10     1   2  2  

PowerPlay Forward 
   Center                   Left Wing                Right Wing               Time % Phy DF OF 
 1 Derek Stepan             Antoine Roussel          Mikko Rantanen           60     1   2  2  
 2 Erik Haula               Adrian Kempe             Jakob Silfverberg        40     1   2  2  

PowerPlay Defense
   Defense                  Defense                                           Time % Phy DF OF 
 1 Will Butcher             Thomas Chabot                                     60     1   2  2  
 2 Dalton Prout             Jakob Chychrun                                    40     1   2  2  

Penalty Kill 4 Players Forward 
   Center                   Wing                     Time % Phy DF OF 
 1 Erik Haula               Antoine Roussel          60     1   2  2  
 2 William Karlsson         Mike Amadio              40     1   2  2  

Penalty Kill 4 Players Defense
   Defense                  Defense                  Time % Phy DF OF 
 1 Will Butcher             Robert Hagg              60     1   2  2  
 2 Dalton Prout             Thomas Chabot            40     1   2  2  

Penalty Kill - 3 Players Forward 
   Forward                                           Time % Phy DF OF 
 1 Erik Haula                                        60     1   2  2  
 2 William Karlsson                                  40     1   2  2  

Penalty Kill - 3 Players Defense
   Defense                  Defense                  Time % Phy DF OF 
 1 Will Butcher             Robert Hagg              60     1   2  2  
 2 Dalton Prout             Thomas Chabot            40     1   2  2  

4 vs 4 Forward 
   Center                   Wing                     Time % Phy DF OF 
 1 Jakob Silfverberg        Antoine Roussel          60     1   2  2  
 2 Derek Stepan             Mikko Rantanen           40     1   2  2  

4 vs 4 Defense
   Defense                  Defense                  Time % Phy DF OF 
 1 Will Butcher             Jakob Chychrun           60     1   2  2  
 2 Dalton Prout             Thomas Chabot            40     1   2  2  

Last Minutes Offensive
   Center                   Left Wing                Right Wing               Defense                  Defense                  
   Derek Stepan             Antoine Roussel          Mikko Rantanen           Will Butcher             Thomas Chabot            

Last Minutes Defensive
   Center                   Left Wing                Right Wing               Defense                  Defense                  
   Derek Stepan             Antoine Roussel          Mikko Rantanen           Will Butcher             Thomas Chabot            

Goaltenders
Starting : Cam Ward                 
Backup : Ilya Samsonov            

Extra Forwards
Normal : Mike Amadio, William Karlsson, Timo Meier - PP : Mike Amadio, William Karlsson - PK : Timo Meier
Extra Defensemen
Normal : Robert Hagg, Jakob Chychrun, Dalton Prout - PP : Robert Hagg - PK : Jakob Chychrun, Dalton Prout
Penalty Shots
Jakob Silfverberg, Antoine Roussel, Derek Stepan, Mikko Rantanen, Erik Haula
Custom OT Lines Forwards
Jakob Silfverberg, Antoine Roussel, Derek Stepan, Mikko Rantanen, Erik Haula, Adrian Kempe, Mike Amadio, William Karlsson, Timo Meier, Joe Pavelski
Custom OT Lines Defensemen
Will Butcher, Jakob Chychrun, Dalton Prout, Thomas Chabot, Robert Hagg

Scratches
PK Subban (Healthy), Radko Gudas (Left Leg Injury)

Islanders

5 vs 5 Forward 
   Center                   Left Wing                Right Wing               Time % Phy DF OF 
 1 Brayden Schenn           Brock McGinn             Vladimir Tarasenko       40     1   2  2  
 2 Brandon Sutter           Kellan Lain              Garnet Hathaway          30     1   2  2  
 3 Michael Latta            Sergei Plotnikov         Jason Akeson             20     1   2  2  
 4 Jamie Arniel             Jordan Greenway          Brian Ferlin             10     1   2  2  

5 vs 5 Defense 
   Defense                  Defense                                           Time % Phy DF OF 
 1 Brady Skjei              Ryan Ellis                                        40     1   2  2  
 2 Nikita Zadorov           Yann Sauvé                                        30     1   2  2  
 3 Dylan McIlrath           Gabriel Carlsson                                  20     1   2  2  
 4 Brady Skjei              Ryan Ellis                                        10     1   2  2  

PowerPlay Forward 
   Center                   Left Wing                Right Wing               Time % Phy DF OF 
 1 Brayden Schenn           Brock McGinn             Vladimir Tarasenko       60     1   2  2  
 2 Brandon Sutter           Kellan Lain              Garnet Hathaway          40     1   2  2  

PowerPlay Defense
   Defense                  Defense                                           Time % Phy DF OF 
 1 Brady Skjei              Ryan Ellis                                        60     1   2  2  
 2 Nikita Zadorov           Yann Sauvé                                        40     1   2  2  

Penalty Kill 4 Players Forward 
   Center                   Wing                     Time % Phy DF OF 
 1 Brayden Schenn           Brock McGinn             60     1   2  2  
 2 Brandon Sutter           Kellan Lain              40     1   2  2  

Penalty Kill 4 Players Defense
   Defense                  Defense                  Time % Phy DF OF 
 1 Brady Skjei              Ryan Ellis               60     1   2  2  
 2 Nikita Zadorov           Yann Sauvé               40     1   2  2  

Penalty Kill - 3 Players Forward 
   Forward                                           Time % Phy DF OF 
 1 Brayden Schenn                                    60     1   2  2  
 2 Brandon Sutter                                    40     1   2  2  

Penalty Kill - 3 Players Defense
   Defense                  Defense                  Time % Phy DF OF 
 1 Brady Skjei              Ryan Ellis               60     1   2  2  
 2 Nikita Zadorov           Yann Sauvé               40     1   2  2  

4 vs 4 Forward 
   Center                   Wing                     Time % Phy DF OF 
 1 Brayden Schenn           Brock McGinn             60     1   2  2  
 2 Brandon Sutter           Kellan Lain              40     1   2  2  

4 vs 4 Defense
   Defense                  Defense                  Time % Phy DF OF 
 1 Brady Skjei              Ryan Ellis               60     1   2  2  
 2 Nikita Zadorov           Yann Sauvé               40     1   2  2  

Last Minutes Offensive
   Center                   Left Wing                Right Wing               Defense                  Defense                  
   Brayden Schenn           Brock McGinn             Vladimir Tarasenko       Brady Skjei              Ryan Ellis               

Last Minutes Defensive
   Center                   Left Wing                Right Wing               Defense                  Defense                  
   Brayden Schenn           Brock McGinn             Vladimir Tarasenko       Brady Skjei              Ryan Ellis               

Goaltenders
Starting : Tyler Weiman             
Backup : Joonas Korpisalo         

Extra Forwards
Normal : Brandon Sutter, Michael Latta, Garnet Hathaway - PP : Brandon Sutter, Michael Latta - PK : Brandon Sutter
Extra Defensemen
Normal : Yann Sauvé, Dylan McIlrath, Gabriel Carlsson - PP : Yann Sauvé - PK : Yann Sauvé, Dylan McIlrath
Penalty Shots
Vladimir Tarasenko, Brayden Schenn, Brock McGinn, Kellan Lain, Brandon Sutter
Custom OT Lines Forwards
Vladimir Tarasenko, Brayden Schenn, Brock McGinn, Kellan Lain, Brandon Sutter, Michael Latta, Garnet Hathaway, Jason Akeson, Jamie Arniel, Brian Ferlin
Custom OT Lines Defensemen
Brady Skjei, Ryan Ellis, Nikita Zadorov, Yann Sauvé, Dylan McIlrath

Scratches
Emerson Etem (Left Ankle Injury), Pavel Kraskovsky (Healthy)

% Time on Ice - Blackhawks

Lines # - Real PCT - Wanted PCT - Time Play
Normal Forward
1 - 37% - 40% - 17:11
2 - 24% - 30% - 11:01
3 - 22% - 20% - 10:16
4 - 17% - 10% - 7:38
Normal Defense
1 - 43% - 40% - 19:37
2 - 29% - 30% - 13:33
3 - 22% - 20% - 10:17
4 - 6% - 10% - 2:39
PP Forward
1 - 58% - 60% - 1:09
2 - 42% - 40% - 0:50
PP Defense
1 - 57% - 60% - 1:08
2 - 43% - 40% - 0:51
PK Forward
1 - 73% - 60% - 8:40
2 - 27% - 40% - 3:15
PK Defense
1 - 60% - 60% - 7:06
2 - 40% - 40% - 4:49
PK3 Forward
1 - 0% - 60%
2 - 0% - 40%
PK3 Defense
1 - 0% - 60%
2 - 0% - 40%
44 Forward
1 - 0% - 60%
2 - 0% - 40%
44 Defense
1 - 0% - 60%
2 - 0% - 40%
Last Minute Offensive  - 0:00
Last Minute Defensive  - 0:00
Total
Forward - 60:00
Defense - 60:00

% Time on Ice - Islanders

Lines # - Real PCT - Wanted PCT - Time Play
Normal Forward
1 - 36% - 40% - 16:22
2 - 26% - 30% - 12:02
3 - 21% - 20% - 9:31
4 - 18% - 10% - 8:11
Normal Defense
1 - 38% - 40% - 17:23
2 - 31% - 30% - 14:05
3 - 27% - 20% - 12:37
4 - 4% - 10% - 2:01
PP Forward
1 - 57% - 60% - 6:45
2 - 43% - 40% - 5:10
PP Defense
1 - 61% - 60% - 7:19
2 - 39% - 40% - 4:36
PK Forward
1 - 100% - 60% - 1:59
2 - 0% - 40% - 0:00
PK Defense
1 - 55% - 60% - 1:05
2 - 45% - 40% - 0:54
PK3 Forward
1 - 0% - 60%
2 - 0% - 40%
PK3 Defense
1 - 0% - 60%
2 - 0% - 40%
44 Forward
1 - 0% - 60%
2 - 0% - 40%
44 Defense
1 - 0% - 60%
2 - 0% - 40%
Last Minute Offensive  - 0:00
Last Minute Defensive  - 0:00
Total
Forward - 60:00
Defense - 60:00

Play-by-Play

1st period


0:01 of 1st period - Derek Stepan wins face-off versus Brayden Schenn in neutral zone.
0:31 of 1st period - Off-side.
0:32 of 1st period - Jakob Silfverberg wins face-off versus Garnet Hathaway in neutral zone.
0:41 of 1st period - Slapshot by Thomas Chabot.
0:41 of 1st period - Stopped by Tyler Weiman without a rebound.
0:42 of 1st period - Michael Latta wins face-off versus William Karlsson in Islanders zone.
0:49 of 1st period - Snap shot by Sergei Plotnikov.
0:49 of 1st period - Stopped by Cam Ward with a rebound.
0:55 of 1st period - Wrist shot by Sergei Plotnikov.
0:55 of 1st period - Shot Misses the Net.
0:57 of 1st period - Slapshot by Michael Latta.
0:57 of 1st period - Stopped by Cam Ward without a rebound.
0:58 of 1st period - Stefan Matteau wins face-off versus Jamie Arniel in Blackhawks zone.
0:58 of 1st period - Stefan Matteau is hit by Brian Ferlin.
1:01 of 1st period - Joe Pavelski is hit by Ryan Ellis and loses puck.
1:13 of 1st period - Jamie Arniel is hit by Joe Pavelski and loses puck.
1:23 of 1st period - Icing by Joe Pavelski.
1:24 of 1st period - Stefan Matteau wins face-off versus Brayden Schenn in Blackhawks zone.
1:28 of 1st period - Off-side.
1:29 of 1st period - Brayden Schenn wins face-off versus Derek Stepan in neutral zone.
1:36 of 1st period - Snap shot by Vladimir Tarasenko.
1:36 of 1st period - Shot Misses the Net.
1:38 of 1st period - Snap shot by Brock McGinn.
1:38 of 1st period - Stopped by Cam Ward without a rebound.
1:39 of 1st period - Brandon Sutter wins face-off versus Erik Haula in Blackhawks zone.
1:44 of 1st period - Slapshot by Brandon Sutter.
1:44 of 1st period - Shot Misses the Net.
3:19 of 1st period - Minor Penalty to Jakob Silfverberg for Slashing.
3:20 of 1st period - Erik Haula wins face-off versus Brayden Schenn in Blackhawks zone.
3:32 of 1st period - Wrist shot by Brayden Schenn.
3:32 of 1st period - Shot Blocked by Robert Hagg.
3:34 of 1st period - Slapshot by Brady Skjei.
3:34 of 1st period - Stopped by Cam Ward without a rebound.
3:35 of 1st period - Brayden Schenn wins face-off versus Erik Haula in Blackhawks zone.
3:46 of 1st period - Snap shot by Vladimir Tarasenko.
3:46 of 1st period - Stopped by Cam Ward without a rebound.
3:47 of 1st period - Erik Haula wins face-off versus Brayden Schenn in Blackhawks zone.
3:47 of 1st period - Erik Haula is hit by Brayden Schenn.
4:13 of 1st period - Brady Skjei is hit by William Karlsson and loses puck.
4:22 of 1st period - Slapshot by William Karlsson.
4:22 of 1st period - Shot Blocked by Kellan Lain.
4:34 of 1st period - Yann Sauvé is hit by Antoine Roussel and loses puck.
4:53 of 1st period - Garnet Hathaway is hit by Thomas Chabot and loses puck.
5:19 of 1st period - Penalty to Jakob Silfverberg is over, Jakob Silfverberg is back on ice.
5:59 of 1st period - Icing by Nikita Zadorov.
6:00 of 1st period - Jordan Greenway wins face-off versus Derek Stepan in Islanders zone.
6:15 of 1st period - Backhand shot by Derek Stepan.
6:15 of 1st period - Shot Blocked by Jordan Greenway.
6:27 of 1st period - Slapshot by Erik Haula.
6:27 of 1st period - Shot Misses the Net.
6:54 of 1st period - Snap shot by Ryan Ellis.
6:54 of 1st period - Shot Misses the Net.
6:56 of 1st period - Slapshot by Ryan Ellis.
6:56 of 1st period - Shot Misses the Net.
6:58 of 1st period - Wrist shot by Garnet Hathaway.
6:58 of 1st period - Shot Misses the Net.
7:49 of 1st period - Brady Skjei is hit by Erik Haula.
8:07 of 1st period - Erik Haula is hit by Garnet Hathaway and loses puck.
9:00 of 1st period - Ryan Ellis is hit by Mike Amadio and loses puck.
9:15 of 1st period - Brandon Sutter is hit by Andrew Ladd and loses puck.
9:36 of 1st period - Slapshot by Vladimir Tarasenko.
9:36 of 1st period - Stopped by Cam Ward without a rebound.
9:37 of 1st period - Brayden Schenn wins face-off versus Derek Stepan in Blackhawks zone.
9:54 of 1st period - Snap shot by Vladimir Tarasenko.
9:54 of 1st period - Stopped by Cam Ward with a rebound.
10:06 of 1st period - Snap shot by Brayden Schenn.
10:06 of 1st period - Shot Misses the Net.
10:08 of 1st period - Snap shot by Brayden Schenn.
10:08 of 1st period - Stopped by Cam Ward without a rebound.
10:09 of 1st period - Brandon Sutter wins face-off versus William Karlsson in Blackhawks zone.
11:08 of 1st period - Minor Penalty to Antoine Roussel for Tripping.
11:09 of 1st period - Brayden Schenn wins face-off versus Erik Haula in Blackhawks zone.
11:13 of 1st period - Wrist shot by Brayden Schenn.
11:13 of 1st period - Shot Misses the Net.
11:17 of 1st period - Wrist shot by Vladimir Tarasenko.
11:17 of 1st period - Shot Misses the Net.
11:19 of 1st period - Snap shot by Brock McGinn.
11:19 of 1st period - Shot Misses the Net.
13:08 of 1st period - Penalty to Antoine Roussel is over, Antoine Roussel is back on ice.
13:13 of 1st period - Jordan Greenway is hit by Jakob Chychrun and loses puck.
13:24 of 1st period - Jakob Chychrun is hit by Michael Latta and loses puck.
13:32 of 1st period - Icing by Will Butcher.
13:33 of 1st period - Stefan Matteau wins face-off versus Michael Latta in Blackhawks zone.
15:14 of 1st period - Icing by Dalton Prout.
15:15 of 1st period - Stefan Matteau wins face-off versus Jamie Arniel in Blackhawks zone.
15:46 of 1st period - Snap shot by Erik Haula.
15:46 of 1st period - Shot Blocked by Brady Skjei.
15:48 of 1st period - Slapshot by Thomas Chabot.
15:48 of 1st period - Stopped by Tyler Weiman with a rebound.
16:24 of 1st period - Ryan Ellis is hit by Patrick Sieloff and loses puck.
16:51 of 1st period - Slapshot by Michael Latta.
16:51 of 1st period - Stopped by Cam Ward without a rebound.
16:52 of 1st period - Michael Latta wins face-off versus Jakob Silfverberg in Blackhawks zone.
17:25 of 1st period - Snap shot by Mikko Rantanen.
17:25 of 1st period - Deflect By Derek Stepan.
17:25 of 1st period - Stopped by Tyler Weiman with a rebound.
17:29 of 1st period - Snap shot by Derek Stepan.
17:29 of 1st period - Shot Misses the Net.
18:19 of 1st period - Timo Meier is hit by Brock McGinn and loses puck.
18:26 of 1st period - Slapshot by Brock McGinn.
18:26 of 1st period - Shot Misses the Net.
18:28 of 1st period - Wrist shot by Brayden Schenn.
18:28 of 1st period - Deflect By Vladimir Tarasenko.
18:28 of 1st period - Shot Blocked by William Karlsson.
18:28 of 1st period - Puck is out of play.
18:29 of 1st period - Brandon Sutter wins face-off versus Derek Stepan in Blackhawks zone.
19:01 of 1st period - Dylan McIlrath is hit by Jakob Chychrun and loses puck.
19:10 of 1st period - Snap shot by Erik Haula.
19:10 of 1st period - Stopped by Tyler Weiman with a rebound.
19:46 of 1st period - Slapshot by Jakob Chychrun.
19:46 of 1st period - Stopped by Tyler Weiman with a rebound.
Goals for this period are 0 for Blackhawks vs 0 for Islanders.
Shots for this period are 5 for Blackhawks vs 9 for Islanders.

2nd period


0:01 of 2nd period - Brayden Schenn wins face-off versus Derek Stepan in neutral zone.
0:09 of 2nd period - Off-side.
0:10 of 2nd period - Brayden Schenn wins face-off versus Derek Stepan in neutral zone.
1:00 of 2nd period - Slapshot by Will Butcher.
1:00 of 2nd period - Shot Misses the Net.
1:07 of 2nd period - Off-side.
1:08 of 2nd period - Brandon Sutter wins face-off versus Erik Haula in neutral zone.
1:25 of 2nd period - Snap shot by Jakob Silfverberg.
1:25 of 2nd period - Shot Blocked by Nikita Zadorov.
1:53 of 2nd period - Wrist shot by Brandon Sutter.
1:53 of 2nd period - Stopped by Cam Ward without a rebound.
1:54 of 2nd period - Erik Haula wins face-off versus Michael Latta in Blackhawks zone.
2:05 of 2nd period - Snap shot by Jakob Silfverberg.
2:05 of 2nd period - Deflect By Adrian Kempe.
2:05 of 2nd period - Stopped by Tyler Weiman with a rebound.
2:37 of 2nd period - Wrist shot by Jakob Silfverberg.
2:37 of 2nd period - Shot Blocked by Gabriel Carlsson.
2:55 of 2nd period - Backhand shot by Antoine Roussel.
2:55 of 2nd period - Goal by Antoine Roussel - Blackhawks : 1 - Islanders : 0.
2:56 of 2nd period - Brayden Schenn wins face-off versus Derek Stepan in neutral zone.
2:56 of 2nd period - Ryan Ellis is hit by Antoine Roussel and loses puck.
4:05 of 2nd period - Icing by Brady Skjei.
4:06 of 2nd period - Stefan Matteau wins face-off versus Jamie Arniel in Islanders zone.
4:11 of 2nd period - Slapshot by Joe Pavelski.
4:11 of 2nd period - Shot Misses the Net.
4:13 of 2nd period - Slapshot by Robert Hagg.
4:13 of 2nd period - Stopped by Tyler Weiman with a rebound.
4:15 of 2nd period - Snap shot by Andrew Ladd.
4:15 of 2nd period - Shot Blocked by Brian Ferlin.
4:17 of 2nd period - Wrist shot by Stefan Matteau.
4:17 of 2nd period - Stopped by Tyler Weiman with a rebound.
4:19 of 2nd period - Wrist shot by Andrew Ladd.
4:19 of 2nd period - Stopped by Tyler Weiman without a rebound.
4:20 of 2nd period - Brayden Schenn wins face-off versus Derek Stepan in Islanders zone.
4:31 of 2nd period - Wrist shot by Brock McGinn.
4:31 of 2nd period - Shot Misses the Net.
4:33 of 2nd period - Slapshot by Brock McGinn.
4:33 of 2nd period - Stopped by Cam Ward with a rebound.
4:35 of 2nd period - Snap shot by Brayden Schenn.
4:35 of 2nd period - Stopped by Cam Ward without a rebound.
4:36 of 2nd period - Erik Haula wins face-off versus Garnet Hathaway in Blackhawks zone.
5:20 of 2nd period - Thomas Chabot is hit by Brayden Schenn and loses puck.
5:48 of 2nd period - Icing by Thomas Chabot.
5:49 of 2nd period - Jamie Arniel wins face-off versus William Karlsson in Blackhawks zone.
5:59 of 2nd period - Off-side.
6:00 of 2nd period - Derek Stepan wins face-off versus Brayden Schenn in neutral zone.
6:27 of 2nd period - Jakob Silfverberg is hit by Garnet Hathaway.
6:35 of 2nd period - Slapshot by Jakob Silfverberg.
6:35 of 2nd period - Stopped by Tyler Weiman with a rebound.
6:37 of 2nd period - Wrist shot by Jakob Silfverberg.
6:37 of 2nd period - Shot Misses the Net.
7:12 of 2nd period - Snap shot by Brian Ferlin.
7:12 of 2nd period - Shot Blocked by Stefan Matteau.
7:14 of 2nd period - Wrist shot by Brian Ferlin.
7:14 of 2nd period - Stopped by Cam Ward without a rebound.
7:15 of 2nd period - Derek Stepan wins face-off versus Brayden Schenn in Blackhawks zone.
7:48 of 2nd period - Slapshot by Kellan Lain.
7:48 of 2nd period - Shot Blocked by Erik Haula.
7:50 of 2nd period - Snap shot by Garnet Hathaway.
7:50 of 2nd period - Shot Misses the Net.
7:52 of 2nd period - Snap shot by Brandon Sutter.
7:52 of 2nd period - Shot Misses the Net.
8:10 of 2nd period - Slapshot by Thomas Chabot.
8:10 of 2nd period - Stopped by Tyler Weiman with a rebound.
8:12 of 2nd period - Wrist shot by Timo Meier.
8:12 of 2nd period - Shot Blocked by Nikita Zadorov.
8:14 of 2nd period - Slapshot by William Karlsson.
8:14 of 2nd period - Shot Blocked by Nikita Zadorov.
9:14 of 2nd period - Snap shot by Adrian Kempe.
9:14 of 2nd period - Stopped by Tyler Weiman without a rebound.
9:15 of 2nd period - Brandon Sutter wins face-off versus Erik Haula in Islanders zone.
9:15 of 2nd period - Brandon Sutter is hit by Erik Haula.
9:25 of 2nd period - Snap shot by Brady Skjei.
9:25 of 2nd period - Stopped by Cam Ward without a rebound.
9:26 of 2nd period - Brayden Schenn wins face-off versus Derek Stepan in Blackhawks zone.
10:06 of 2nd period - Wrist shot by Brock McGinn.
10:06 of 2nd period - Stopped by Cam Ward without a rebound.
10:07 of 2nd period - Brandon Sutter wins face-off versus Derek Stepan in Blackhawks zone.
10:14 of 2nd period - Slapshot by Thomas Chabot.
10:14 of 2nd period - Stopped by Tyler Weiman with a rebound.
10:16 of 2nd period - Wrist shot by Antoine Roussel.
10:16 of 2nd period - Deflect By Mikko Rantanen.
10:16 of 2nd period - Shot Misses the Net.
10:16 of 2nd period - Puck is out of play.
10:17 of 2nd period - Derek Stepan wins face-off versus Brandon Sutter in Islanders zone.
10:41 of 2nd period - Off-side.
10:42 of 2nd period - Erik Haula wins face-off versus Brayden Schenn in neutral zone.
10:53 of 2nd period - Snap shot by Adrian Kempe.
10:53 of 2nd period - Shot Misses the Net.
10:55 of 2nd period - Minor Penalty to Brock McGinn for Delaying the game.
10:56 of 2nd period - Brayden Schenn wins face-off versus Derek Stepan in Islanders zone.
11:35 of 2nd period - Snap shot by Erik Haula.
11:35 of 2nd period - Shot Misses the Net.
12:07 of 2nd period - Adrian Kempe is hit by Jamie Arniel and loses puck.
12:53 of 2nd period - Brayden Schenn is hit by Erik Haula and loses puck.
12:55 of 2nd period - Penalty to Brock McGinn is over, Brock McGinn is back on ice.
13:00 of 2nd period - Snap shot by Nikita Zadorov.
13:00 of 2nd period - Shot Blocked by Thomas Chabot.
13:02 of 2nd period - Slapshot by Nikita Zadorov.
13:02 of 2nd period - Stopped by Cam Ward without a rebound.
13:03 of 2nd period - Michael Latta wins face-off versus William Karlsson in Blackhawks zone.
13:04 of 2nd period - Wrist shot by Jason Akeson.
13:04 of 2nd period - Deflect By Michael Latta.
13:04 of 2nd period - Shot Blocked by William Karlsson.
13:04 of 2nd period - Puck is out of play.
13:05 of 2nd period - Michael Latta wins face-off versus William Karlsson in Blackhawks zone.
13:31 of 2nd period - Sergei Plotnikov is hit by Stefan Matteau and loses puck.
13:36 of 2nd period - Wrist shot by Andrew Ladd.
13:36 of 2nd period - Shot Blocked by Sergei Plotnikov.
13:38 of 2nd period - Backhand shot by Robert Hagg.
13:38 of 2nd period - Deflect By Stefan Matteau.
13:38 of 2nd period - Stopped by Tyler Weiman without a rebound.
13:39 of 2nd period - Vladimir Tarasenko wins face-off versus Derek Stepan in Islanders zone.
14:06 of 2nd period - Adrian Kempe is hit by Garnet Hathaway and loses puck.
14:44 of 2nd period - Icing by Mike Amadio.
14:45 of 2nd period - Stefan Matteau wins face-off versus Michael Latta in Blackhawks zone.
15:02 of 2nd period - Snap shot by Sergei Plotnikov.
15:02 of 2nd period - Stopped by Cam Ward with a rebound.
15:58 of 2nd period - Wrist shot by Jakob Silfverberg.
15:58 of 2nd period - Stopped by Tyler Weiman with a rebound.
16:00 of 2nd period - Slapshot by Jakob Silfverberg.
16:00 of 2nd period - Stopped by Tyler Weiman without a rebound.
16:01 of 2nd period - Brandon Sutter wins face-off versus Erik Haula in Islanders zone.
16:40 of 2nd period - Snap shot by Michael Latta.
16:40 of 2nd period - Goal by Michael Latta - Blackhawks : 1 - Islanders : 1.
16:41 of 2nd period - Brayden Schenn wins face-off versus Derek Stepan in neutral zone.
16:41 of 2nd period - Brayden Schenn is hit by Mikko Rantanen.
16:52 of 2nd period - Double Minor Penalty to Dalton Prout for High sticking.
16:53 of 2nd period - Brayden Schenn wins face-off versus Erik Haula in Blackhawks zone.
17:07 of 2nd period - Wrist shot by Vladimir Tarasenko.
17:07 of 2nd period - Shot Misses the Net.
17:09 of 2nd period - Slapshot by Brady Skjei.
17:09 of 2nd period - Shot Misses the Net.
17:19 of 2nd period - Robert Hagg is hit by Brandon Sutter and loses puck.
18:58 of 2nd period - Will Butcher is hit by Nikita Zadorov and loses puck.
19:55 of 2nd period - Gabriel Carlsson is hit by William Karlsson and loses puck.
Goals for this period are 1 for Blackhawks vs 1 for Islanders.
Shots for this period are 12 for Blackhawks vs 9 for Islanders.

3rd period


0:01 of 3rd period - Brayden Schenn wins face-off versus Erik Haula in neutral zone.
0:14 of 3rd period - Will Butcher is hit by Brock McGinn and loses puck.
0:52 of 3rd period - Penalty to Dalton Prout is over, Dalton Prout is back on ice.
1:06 of 3rd period - Snap shot by Joe Pavelski.
1:06 of 3rd period - Shot Blocked by Jason Akeson.
1:08 of 3rd period - Slapshot by Jakob Chychrun.
1:08 of 3rd period - Deflect By Michael Latta.
1:08 of 3rd period - Stopped by Tyler Weiman with a rebound.
1:10 of 3rd period - Slapshot by Jakob Chychrun.
1:10 of 3rd period - Stopped by Tyler Weiman with a rebound.
1:12 of 3rd period - Slapshot by Jakob Chychrun.
1:12 of 3rd period - Deflect By Andrew Ladd.
1:12 of 3rd period - Shot Blocked by Sergei Plotnikov.
1:12 of 3rd period - Puck is out of play.
1:13 of 3rd period - William Karlsson wins face-off versus Brandon Sutter in Islanders zone.
1:45 of 3rd period - Snap shot by Brayden Schenn.
1:45 of 3rd period - Shot Misses the Net.
2:01 of 3rd period - Wrist shot by Jason Akeson.
2:01 of 3rd period - Shot Misses the Net.
2:19 of 3rd period - Jakob Silfverberg is hit by Jordan Greenway and loses puck.
3:13 of 3rd period - Slapshot by Thomas Chabot.
3:13 of 3rd period - Stopped by Tyler Weiman without a rebound.
3:14 of 3rd period - Derek Stepan wins face-off versus Brandon Sutter in Islanders zone.
4:48 of 3rd period - Off-side.
4:49 of 3rd period - Brandon Sutter wins face-off versus Derek Stepan in neutral zone.
5:00 of 3rd period - Wrist shot by Kellan Lain.
5:00 of 3rd period - Shot Misses the Net.
5:14 of 3rd period - Derek Stepan is hit by Ryan Ellis.
5:32 of 3rd period - Slapshot by Mikko Rantanen.
5:32 of 3rd period - Stopped by Tyler Weiman with a rebound.
5:39 of 3rd period - Minor Penalty to Antoine Roussel for Roughing.
5:40 of 3rd period - Erik Haula wins face-off versus Brayden Schenn in Blackhawks zone.
5:57 of 3rd period - Snap shot by Vladimir Tarasenko.
5:57 of 3rd period - Shot Misses the Net.
7:30 of 3rd period - Jakob Chychrun is hit by Brady Skjei and loses puck.
7:39 of 3rd period - Penalty to Antoine Roussel is over, Antoine Roussel is back on ice.
7:44 of 3rd period - Icing by Antoine Roussel.
7:45 of 3rd period - Sergei Plotnikov wins face-off versus Derek Stepan in Blackhawks zone.
7:56 of 3rd period - Snap shot by Michael Latta.
7:56 of 3rd period - Shot Misses the Net.
8:12 of 3rd period - William Karlsson is hit by Dylan McIlrath and loses puck.
8:37 of 3rd period - Slapshot by Thomas Chabot.
8:37 of 3rd period - Shot Misses the Net.
8:39 of 3rd period - Snap shot by Stefan Matteau.
8:39 of 3rd period - Deflect By Jordan Greenway.
8:39 of 3rd period - Shot Blocked by Jamie Arniel.
8:39 of 3rd period - Puck is out of play.
8:40 of 3rd period - Jamie Arniel wins face-off versus Antoine Roussel in Islanders zone.
8:40 of 3rd period - Jamie Arniel is hit by Derek Stepan.
9:06 of 3rd period - Yann Sauvé is hit by Mike Amadio and loses puck.
9:56 of 3rd period - Garnet Hathaway is hit by Patrick Sieloff.
11:09 of 3rd period - Nikita Zadorov is hit by Antoine Roussel.
11:49 of 3rd period - Joe Pavelski is hit by Jordan Greenway and loses puck.
12:00 of 3rd period - Andrew Ladd is hit by Jordan Greenway and loses puck.
12:12 of 3rd period - Will Butcher is hit by Brian Ferlin and loses puck.
12:15 of 3rd period - Slapshot by Will Butcher.
12:15 of 3rd period - Shot Misses the Net.
12:17 of 3rd period - Snap shot by Andrew Ladd.
12:17 of 3rd period - Stopped by Tyler Weiman without a rebound.
12:18 of 3rd period - Derek Stepan wins face-off versus Brayden Schenn in Islanders zone.
12:59 of 3rd period - Wrist shot by Brayden Schenn.
12:59 of 3rd period - Shot Blocked by Mike Amadio.
13:01 of 3rd period - Slapshot by Yann Sauvé.
13:01 of 3rd period - Stopped by Cam Ward with a rebound.
13:11 of 3rd period - Snap shot by Brock McGinn.
13:11 of 3rd period - Stopped by Cam Ward with a rebound.
13:13 of 3rd period - Wrist shot by Vladimir Tarasenko.
13:13 of 3rd period - Stopped by Cam Ward without a rebound.
13:14 of 3rd period - Derek Stepan wins face-off versus Kellan Lain in Blackhawks zone.
13:16 of 3rd period - Minor Penalty to Derek Stepan for Roughing.
13:17 of 3rd period - Erik Haula wins face-off versus Brandon Sutter in Blackhawks zone.
13:43 of 3rd period - Mike Amadio is hit by Brady Skjei and loses puck.
15:16 of 3rd period - Penalty to Derek Stepan is over, Derek Stepan is back on ice.
15:20 of 3rd period - Jakob Chychrun is hit by Ryan Ellis and loses puck.
15:33 of 3rd period - Wrist shot by Michael Latta.
15:33 of 3rd period - Shot Misses the Net.
15:43 of 3rd period - Jamie Arniel is hit by Dalton Prout and loses puck.
16:27 of 3rd period - Off-side.
16:28 of 3rd period - Derek Stepan wins face-off versus Brandon Sutter in neutral zone.
16:58 of 3rd period - Snap shot by Brayden Schenn.
16:58 of 3rd period - Shot Blocked by Will Butcher.
17:46 of 3rd period - Backhand shot by Yann Sauvé.
17:46 of 3rd period - Shot Blocked by Robert Hagg.
18:54 of 3rd period - Sergei Plotnikov is hit by Thomas Chabot and loses puck.
19:25 of 3rd period - Wrist shot by Mike Amadio.
19:25 of 3rd period - Stopped by Tyler Weiman with a rebound.
Goals for this period are 0 for Blackhawks vs 0 for Islanders.
Shots for this period are 6 for Blackhawks vs 3 for Islanders.

Overtime #1


0:01 of 1st overtime period - Brayden Schenn wins face-off versus Antoine Roussel in neutral zone.
0:10 of 1st overtime period - Slapshot by Brady Skjei.
0:10 of 1st overtime period - Shot Misses the Net.
0:29 of 1st overtime period - Icing by Will Butcher.
0:30 of 1st overtime period - Kellan Lain wins face-off versus Derek Stepan in Blackhawks zone.
0:33 of 1st overtime period - Wrist shot by Brock McGinn.
0:33 of 1st overtime period - Goal by Brock McGinn - Blackhawks : 1 - Islanders : 2.
Goals for this period are 0 for Blackhawks vs 1 for Islanders.
Shots for this period are 0 for Blackhawks vs 1 for Islanders.